 Dungeon Crawl Stone Soup version 0.20.1-1-g8b1a95d (webtiles) character file.

90 Jazqa the Cutter (level 4, -2/29 HPs)
             Began as a Kobold Berserker on Oct 23, 2017.
             Was a Believer of Trog.
             Killed by nerve-wracking pain
             ... invoked by a shadow imp
             ... summoned by Natasha
              (14 damage)
             ... on level 2 of the Dungeon.
             The game lasted 00:02:04 (1273 turns).

Jazqa the Cutter (Kobold Berserker)                 Turns: 1273, Time: 00:02:05

Health: -2/29      AC:  5    Str: 15    XL:     4   Next: 85%
Magic:  4/4        EV: 14    Int:  8    God:    Trog [**....]
Gold:   80         SH:  0    Dex: 14    Spells: 3/3 levels left

rFire    . . .     SeeInvis .   a - +0 short sword
rCold    . . .     Gourm    .   (shield restricted)
rNeg     . . .     Faith    +   l - +0 ring mail
rPois    .         Spirit   .   (no helmet)
rElec    .         Reflect  .   (no cloak)
rCorr    .         Harm     .   (no gloves)
MR       .....                  (no boots)
Stlth    +.........             g - amulet of faith
Regen    0.1/turn               (no ring)
MPRegen  0.1/turn               (no ring)

@: no status effects
A: carnivore 3
a: Berserk, Trog's Hand, Burn Spellbooks, Renounce Religion


You were on level 2 of the Dungeon.
You worshipped Trog.
Trog was pleased with you.
You were completely stuffed.

You visited 1 branch of the dungeon, and saw 2 of its levels.

You collected 80 gold pieces.

Inventory:

Hand Weapons
 a - a +0 short sword (weapon)
Armour
 l - a +0 ring mail (worn)
Jewellery
 g - an amulet of faith (around neck)
Scrolls
 b - a scroll of teleportation {unknown}
 h - a scroll of identify {unknown}
 j - 2 scrolls of recharging {unknown}
Potions
 d - a potion of curing
 e - a potion of resistance {unknown}
 f - 2 potions of berserk rage {unknown}
 k - a potion of heal wounds {unknown}
 m - a potion of lignification {unknown}
Comestibles
 c - 2 meat rations
 i - 2 chunks of flesh


   Skills:
 + Level 4.1 Fighting
 + Level 4.7 Short Blades
 + Level 2.1 Armour
 + Level 3.7 Dodging


You had 3 spell levels left.
You didn't know any spells.

Dungeon Overview and Level Annotations

Branches:
Dungeon (2/15)

Altars:

Annotations:
D:2 Natasha


Innate Abilities, Weirdness & Mutations

You are small and have problems with some larger weapons.
You are carnivorous and can eat meat at any time.


Message History

Natasha is moderately wounded.
Natasha claws you but does no damage.
You hit Natasha.
Natasha is heavily wounded.
Natasha casts a spell.
You closely miss Natasha.
Natasha is heavily wounded.
The crimson imp closely misses you. Natasha claws you!
You closely miss Natasha.
Natasha is heavily wounded.
The shadow imp closely misses you. The crimson imp barely misses you.
You closely miss Natasha.
Natasha is heavily wounded.
Natasha drinks a potion.
Natasha is healed!
The shadow imp misses you.
The crimson imp shouts, "Accept thy fall, thou rough-hewn dread-bolted bugbear!"
The crimson imp blinks!
You barely miss Natasha. Natasha closely misses you.
The shadow imp gestures at you. Pain shoots through your body!
You die...

#..#...#.##
#........#
#......###
#####.## #.#
#)# ##)##
##5..## #..@..#
#..§h...#
#.........#
..'.(..5..>.'..
###.........###
##.......##
##.....##
##...##


You could see Natasha, a crimson imp and a shadow imp.

Vanquished Creatures
  Natasha (D:2)
  An adder (D:2)
  2 oozes
  2 dart slugs (D:1)
  A leopard gecko (D:1)
  7 bats
  8 goblins (D:1)
  4 hobgoblins
  2 jackals (D:2)
  7 kobolds
  2 frilled lizards
  10 rats
47 creatures vanquished.

Notes
Turn   | Place    | Note
-------+----------+-------------------------------------------
     0 | D:1      | Jazqa the Kobold Berserker began the quest for the Orb.
     0 | D:1      | Reached XP level 1. HP: 14/14 MP: 1/1
    49 | D:1      | Reached XP level 2. HP: 16/19 MP: 2/2
   507 | D:1      | Reached XP level 3. HP: 23/23 MP: 3/3
   631 | D:1      | Reached ** piety under Trog
   904 | D:2      | Reached XP level 4. HP: 29/29 MP: 4/4
  1170 | D:2      | Noticed Natasha
  1192 | D:2      | Killed Natasha
  1258 | D:2      | Noticed Natasha
  1273 | D:2      | Killed from afar by a shadow imp

Skill      XL: |  1  2  3  4 |
---------------+-------------+-----
Dodging        | 3 |  3.7
Fighting       | 4 |  4.1
Armour         | 2 |  2.1
Short Blades   | |  4.7

Action                   |  1- 3 |  4- 6 || total
-------------------------+-------+-------++-------
Melee: Short sword       |   102 |    60 ||   162
Invok: Berserk           |     1 |     1 ||     2
  Use: Scroll            |     2 |       ||     2
 Stab: Sleeping          |     1 |       ||     1
  Eat: Chunk             |    10 |     2 ||    12
Armor: Animal skin       |    14 |       ||    14
       Ring mail         |     1 |    16 ||    17
Dodge: Dodged            |    72 |    35 ||   107
